 Dungeon Crawl Stone Soup version 0.20-a0-1122-gb7cbeb9 (webtiles) character file.

51 Jarno the Insei (level 3, 0/23 HPs)
             Began as an Octopode Transmuter on May 11, 2017.
             Killed from afar by an orc wizard (7 damage)
             ... with a magic dart
             ... on level 2 of the Dungeon.
             The game lasted 00:04:03 (2256 turns).

Jarno the Insei (Octopode Transmuter)               Turns: 2256, Time: 00:04:04

Health: 0/23       AC:  2    Str:  9    XL:     3   Next: 83%
Magic:  1/6        EV: 20    Int: 15    God:
Gold:   101        SH:  0    Dex: 18    Spells: 0/6 levels left

rFire    . . .     SeeInvis +     - Unarmed
rCold    . . .     Gourm    .   (shield currently unavailable)
rNeg     . . .     Faith    .   (helmet currently unavailable)
rPois    .         Spirit   .   (no amulet)
rElec    .         Reflect  .   d - ring of see invisible
rCorr    .         Harm     .   f - ring of wizardry
MR       .....                  l - ring of poison resistance
Stlth    ++........             q - ring of wizardry
Regen    0.1/turn               (no ring)
MPRegen  0.1/turn               (no ring)
                                (no ring)
                                (no ring)

@: spider-form
A: almost no armour, stealthy swim, (amphibious), 8 rings, (constrict 8)
a: End Transformation


You were on level 2 of the Dungeon.
You were near starving.
You were a venomous arachnid creature.
You visited 1 branch of the dungeon, and saw 3 of its levels.

You collected 101 gold pieces.

Inventory:

Missiles
 a - 9 arrows
 k - 53 stones (quivered)
Jewellery
 d - a ring of see invisible (left front leg)
 f - a ring of wizardry (right front leg)
 l - a ring of poison resistance (on tentacle)
 q - a ring of wizardry (on tentacle)
Scrolls
 g - a scroll of blinking {unknown}
 h - 4 scrolls of identify {unknown}
 p - 2 scrolls of teleportation {unknown}
 t - a scroll of fear {unknown}
Potions
 e - a potion of haste {unknown}
 m - a potion of degeneration {unknown}
 o - a potion of brilliance {unknown}
 r - 2 potions of flight {unknown}
 s - a potion of heal wounds {unknown}
 u - a potion of invisibility {unknown}
Books
 b - a book of Changes

   Spells                             Type                      Level
   a - Beastly Appendage              Transmutation                1
   b - Sticks to Snakes               Transmutation                2
   c - Spider Form                    Transmutation/Poison         3
   d - Ice Form                       Ice/Transmutation            4
   e - Blade Hands                    Transmutation                5
Comestibles
 c - 3 bread rations
 i - a royal jelly
 j - 2 meat rations
 n - 20 fruits


   Skills:
 + Level 1.1 Fighting
 + Level 2.2 Dodging
 + Level 0.8 Stealth
 + Level 3.3 Unarmed Combat
 - Level 2.0 Spellcasting
 * Level 3.3 Transmutations
 + Level 0.8 Poison Magic


You couldn't memorise any spells.
You knew the following spells:

 Your Spells              Type           Power        Failure   Level  Hunger
a - Beastly Appendage     Tmut           ##....       4%          1    #......
b - Sticks to Snakes      Tmut           ##......     6%          2    ###....
c - Spider Form           Tmut/Pois      #.........   16%         3    ###....


Dungeon Overview and Level Annotations

Branches:
Dungeon (3/15)

Altars:
Elyvilon
Okawaru


Innate Abilities, Weirdness & Mutations

You cannot wear most types of armour.
You are very stealthy in the water. (Stealth+)
((You are amphibious.))
You can wear up to eight rings at the same time.
((You can use your tentacles to constrict eight enemies at once.))
((Your skin changes colour to match your surroundings (Stealth+).))
((Your rubbery body absorbs attacks. (AC +1, EV +1)))


Message History

The quokka misses you.
Your ball python barely misses the quokka. x2
The quokka completely misses you.
You closely miss the quokka.
The quokka is moderately wounded.
Your ball python bites the quokka but does no damage.
Your ball python barely misses the quokka.
The quokka misses you.
You hit the orc wizard.
The orc wizard is poisoned.
The orc wizard is lightly wounded.
Your ball python barely misses the quokka.
Your ball python grabs the quokka.
Your ball python constricts the quokka.
The orc wizard miscasts a cantrip.
The quokka misses you.
Your ball python bites the quokka.
Your ball python constricts the quokka.
You closely miss the orc wizard.
The orc wizard is moderately wounded.
The orc wizard casts a spell at you. The magic dart hits you!
You die...

###'#.......# #.....# #..
#...........# #.....#### #..
#.......#...# #........# #..
#.......##'## ###'#....# #..
#.......##'######.#....# ##.
###'####.......##.#########.
#...###..S>................
#######...#.....ro...............
#.........#.....s...###########..
#.........#...........#########..
#.........#....[......##......#..
#........##....##......#.........
########.##....##......#.........
#........###########...#.........
'.............##########.........
#.................# #.........
#.................# #######....


You could see an orc wizard (invisible), a quokka and a friendly ball python.

Vanquished Creatures
  An adder (D:2)
  A worm (D:2)
  A leopard gecko (D:1)
  4 goblins
  4 hobgoblins
  4 jackals (D:2)
  A quokka (D:2)
  A ball python (D:1)
  5 bats
  A frilled lizard (D:1)
  6 kobolds
  2 rats (D:1)
31 creatures vanquished.

Vanquished Creatures (collateral kills)
  An adder (D:2)
1 creature vanquished.

Grand Total: 32 creatures vanquished

Notes
Turn   | Place    | Note
-------+----------+-------------------------------------------
     0 | D:1      | Jarno the Octopode Transmuter began the quest for the Orb.
     0 | D:1      | Reached XP level 1. HP: 13/13 MP: 3/3
   361 | D:1      | Reached XP level 2. HP: 10/18 MP: 3/5
  1052 | D:2      | Found a white marble altar of Elyvilon.
  1069 | D:1      | Learned a level 2 spell: Sticks to Snakes
  1216 | D:2      | Reached XP level 3. HP: 18/23 MP: 2/6
  1254 | D:2      | Learned a level 3 spell: Spider Form
  2127 | D:2      | Found an iron altar of Okawaru.
  2256 | D:2      | Killed from afar by an orc wizard

Vault maps used:
D:1:      saegor_arrival_miasma, minmay_misc_feat_nine_boxes
D:2:      okawaru_trees_1, overflow_temple_1_default, first_bread, dk_vineyard_3
D:3:      old_standard_altar, minivault_11, grunt_ministairs_4

Skill      XL: |  1  2 |
---------------+-------+-----
Transmutations | 3 |  3.3
Fighting       | |  1.1
Dodging        | |  2.2
Stealth        | |  0.8
Unarmed Combat | |  3.3
Spellcasting   | |  2.0
Poison Magic   | |  0.8

Action                   || total
-------------------------++-------
Melee: Unarmed           ||    80
       Kick              ||    10
       Constrict         ||    19
       Tentacles         ||    17
       Punch             ||     1
 Cast: Beastly Appendage ||     8
       Sticks to Snakes  ||     3
       Spider Form       ||     1
 Stab: Sleeping          ||     6
  Eat: Chunk             ||     3
Armor: Skin              ||    12
Dodge: Dodged            ||    62
